 Dungeon Crawl Stone Soup version 0.22-a0-21-g9421e3f (webtiles) character file.

8841 Lanoc the Grappler (level 11, -6/109 HPs)
             Began as a Troll Chaos Knight on Jan 3, 2018.
             Mangled by a two-headed ogre
             ... wielding a +0 giant club
              (12 damage)
             ... on level 10 of the Dungeon.
             The game lasted 00:21:27 (7898 turns).

Lanoc the Grappler (Troll Chaos Knight)             Turns: 7898, Time: 00:21:28

Health: -6/109     AC:  8    Str: 22    XL:     11   Next: 15%
Magic:  10/10      EV: 13    Int: 10    God:    Xom [*.....]
Gold:   576        SH:  0    Dex: 12    Spells: 10/10 levels left

rFire    + . .     SeeInvis .     - Unarmed
rCold    . . .     Gourm    +   (no shield)
rNeg     . . .     Faith    .   a - +2 robe
rPois    .         Spirit   .   (helmet restricted)
rElec    .         Reflect  .   r - +0 cloak
rCorr    .         Harm     .   (gloves unavailable)
MR       .....                  (boots unavailable)
Stlth    +.........             (no amulet)
HPRegen  0.68/turn              B - ring of wizardry
MPRegen  0.12/turn              s - +2 ring of intelligence

@: no status effects
A: large, unfitting armour, claws 3, fire resistance 1, fast metabolism 3,
gourmand, regeneration 1, shaggy fur 1, tough skin 2
a: Renounce Religion


You were on level 10 of the Dungeon.
You worshipped Xom.
You were a special plaything of Xom.
You were completely stuffed.

You visited 2 branches of the dungeon, and saw 11 of its levels.

You collected 576 gold pieces.

Inventory:

Hand Weapons
 I - a +2 short sword of flaming
Missiles
 g - 8 javelins (quivered)
 n - 17 tomahawks
 u - 2 silver tomahawks
Armour
 a - a +2 robe (worn)
 r - a +0 cloak (worn)
Jewellery
 s - a +2 ring of intelligence (right claw)
 B - a ring of wizardry (left claw)
Wands
 f - a wand of paralysis (9)
 t - a wand of acid (13)
 z - a wand of polymorph (15)
 D - a wand of enslavement (8)
Scrolls
 e - 3 scrolls of magic mapping
 h - 3 scrolls of fog
 l - a scroll of immolation
 m - a scroll of enchant weapon {unknown}
 o - 4 scrolls of enchant armour
 p - 3 scrolls of teleportation
 q - 2 scrolls of amnesia {unknown}
 v - 4 scrolls of remove curse
 x - 2 scrolls of blinking {unknown}
 C - 3 scrolls of noise {unknown}
 H - 3 scrolls of silence {unknown}
Potions
 c - a potion of mutation
 d - 3 potions of lignification
 i - a potion of ambrosia
 j - 3 potions of flight
 k - 4 potions of curing
 A - 2 potions of brilliance {unknown}
 E - a potion of resistance {unknown}
 G - 2 potions of heal wounds {unknown}
Books
 w - a book of Conjurations

   Spells                             Type                      Level
   a - Magic Dart                     Conjuration                  1
   b - Searing Ray                    Conjuration                  2
   c - Dazzling Spray                 Conjuration/Hexes            3
   d - Fulminant Prism                Conjuration/Hexes            4
   e - Force Lance                    Conjuration/Translocation    4
   f - Iskenderun's Mystic Blast      Conjuration                  4
 y - a book of Geomancy

   Spells                             Type                      Level
   a - Sandblast                      Earth                        1
   b - Passwall                       Transmutation/Earth          2
   c - Stone Arrow                    Conjuration/Earth            3
   d - Petrify                        Transmutation/Earth          4
   e - Lee's Rapid Deconstruction     Earth                        5
 F - a book of Cantrips

   Spells                             Type                      Level
   a - Confusing Touch                Hexes                        1
   b - Animate Skeleton               Necromancy                   1
   c - Summon Small Mammal            Summoning                    1
   d - Apportation                    Translocation                1
Comestibles
 b - 15 rations
 J - 26 chunks of flesh


   Skills:
 + Level 7.0 Fighting
 + Level 7.0 Throwing
 + Level 6.8 Dodging
 * Level 11.3 Unarmed Combat


You had 10 spell levels left.
You didn't know any spells.

Dungeon Overview and Level Annotations

Branches:
Dungeon (10/15)            Temple (1/1) D:7
   Lair: D:8-11         Orc: D:9-12

Altars:
Ashenzari
Cheibriados
Dithmenos
Elyvilon
Fedhas
Gozag
Hepliaklqana
Kikubaaqudgha
Makhleb
Nemelex Xobeh
Okawaru
Qazlal
Ru
Sif Muna
Trog
Uskayaw
Vehumet
Wu Jian
Xom
Yredelemnul
Zin
The Shining One


Innate Abilities, Weirdness & Mutations

You are too large for most types of armour.
You have claws for hands.
Your metabolism is lightning-fast.
You like to eat raw meat.
Your natural rate of healing is unusually fast.
You are covered in fur. (AC +1)
You have very tough skin. (AC +2)
Your flesh is heat resistant. (rF+)


Message History

The two-headed ogre shouts in stereo!
Search for what [? for help]? artefact A two-headed ogre is nearby!
You scratch the two-headed ogre.
The two-headed ogre is lightly wounded.
You scratch the two-headed ogre.
The two-headed ogre is lightly wounded.
The two-headed ogre hits you with a giant club!!
The two-headed ogre hits you with a giant club!
You mangle the two-headed ogre!!
The two-headed ogre is heavily wounded.
The two-headed ogre hits you with a giant club!!
The two-headed ogre hits you with a giant club!
* * * LOW HITPOINT WARNING * * *
There is an escape hatch in the ceiling here.
The two-headed ogre hits you with a giant club!!
* * * LOW HITPOINT WARNING * * *
The two-headed ogre hits you with a giant club!
You die...
Xom thinks this is hilarious!

....###....#.....)#.#..#
.....##..###.....)))...#
.....##[[#.#.....)#)...#
.....##..#.#......#....#
........)#.#......#)).##
...........########..<#
......##..)...##......#
....####.##.#.##......#
.....# #.#.)...O@....(#
.....# #.#............#
.....# #.#.....#......#
.....# #.#.#...########
.....###...#...#
...........#...#
.....###..##...#
.........#######
.........#######..


You could see a two-headed ogre.

Vanquished Creatures
  Erica (D:9)
  The ghost of Lanoc the Insei, a novice OpTm of Dithmenos (D:6)
  4 hippogriffs
  4 yaks (D:9)
  4 humans (D:7)
  A hungry ghost (D:7)
  Grum (D:10)
  A water moccasin (D:9)
  4 sky beasts
  3 ice beasts
  3 orc warriors
  An eye of draining (D:10)
  3 phantoms
  3 wolves (D:10)
  6 ogres
  2 centaurs
  Blork the orc (D:6)
  6 bullfrogs
  A water moccasin zombie (D:5)
  4 scorpions
  15 killer bees
  5 howler monkeys (D:7)
  5 crimson imps
  4 jellies
  A gnoll shaman (D:9)
  10 orc priests
  8 hounds
  Crazy Yiuf (D:6)
  3 bullfrog skeletons
  2 centaur skeletons
  4 iguanas
  11 orc wizards
  4 worker ants
  2 hound zombies
  11 gnolls
  3 worker ant zombies
  8 adders
  5 shadow imps
  3 oozes
  2 worms
  An adder skeleton (D:2)
  An adder zombie (D:2)
  2 dart slugs
  3 leopard geckos
  48 orcs
  9 bats
  A bat skeleton (D:2)
  A bat zombie (D:2)
  5 giant cockroaches
  3 goblins
  7 hobgoblins
  13 jackals
  3 quokkas
  A ball python (D:3)
  2 frilled lizards (D:2)
  A jackal skeleton (D:6)
  A jackal zombie (D:2)
  9 kobolds
  A leopard gecko skeleton (D:2)
  10 rats
  A plant (Temple)
284 creatures vanquished.

Vanquished Creatures (collateral kills)
  A hungry ghost (D:10)
1 creature vanquished.

Vanquished Creatures (others)
  An orc (D:10)
1 creature vanquished.

Grand Total: 286 creatures vanquished

Notes
Turn   | Place    | Note
-------+----------+-------------------------------------------
     0 | D:1      | Lanoc the Troll Chaos Knight began the quest for the Orb.
     0 | D:1      | Reached XP level 1. HP: 22/22 MP: 0/0
   328 | D:1      | Reached XP level 2. HP: 29/29 MP: 1/1
   906 | D:2      | Reached XP level 3. HP: 24/36 MP: 2/2
   915 | D:2      | XOM: smoke on damage
   973 | D:2      | XOM: harmless Ice miscast
   992 | D:2      | Reached skill level 1 in Throwing
   992 | D:2      | Reached XP level 4. HP: 21/44 MP: 3/3
  1053 | D:2      | Reached skill level 4 in Unarmed Combat
  1105 | D:2      | XOM: silly message
  1306 | D:2      | Found a stormy altar of Qazlal.
  1394 | D:2      | XOM: divination: detect creatures
  1432 | D:2      | XOM: divination: detect creatures
  1598 | D:3      | Noticed an ogre
  1602 | D:3      | XOM: chaos upgrade
  1642 | D:3      | XOM: swap monsters
  1682 | D:3      | XOM: mild Tloc miscast
  1699 | D:3      | Reached XP level 5. HP: 53/53 MP: 4/4
  1790 | D:3      | XOM: harmless Fire miscast
  1802 | D:3      | XOM: chaos upgrade
  1906 | D:3      | Killed an ogre
  2230 | D:4      | Reached XP level 6. HP: 60/61 MP: 5/5
  2244 | D:4      | Reached skill level 5 in Unarmed Combat
  2424 | D:4      | XOM: smoke on damage
  2571 | D:5      | Entered Level 5 of the Dungeon
  2590 | D:5      | XOM: 1-stop teleportation journey
  2686 | D:5      | XOM: polymorph adder -> ooze
  2706 | D:5      | Reached XP level 7. HP: 66/68 MP: 6/6
  2761 | D:5      | XOM: enchant monster (good)
  2829 | D:5      | Reached skill level 6 in Unarmed Combat
  3005 | D:5      | XOM: cloud trail
  3006 | D:5      | Reached XP level 8. HP: 64/78 MP: 7/7
  3056 | D:5      | Found an ornate altar of the Wu Jian Council.
  3165 | D:5      | XOM: 2-stop teleportation journey
  3329 | D:5      | Reached skill level 7 in Unarmed Combat
  3485 | D:5      | XOM: god gift: murky white potion {god gift}
  3518 | D:6      | XOM: fog
  3555 | D:6      | XOM: potion effect (invisibility)
  3622 | D:6      | Noticed Blork the orc
  3626 | D:6      | Killed Blork the orc
  3679 | D:6      | Reached skill level 5 in Fighting
  3679 | D:6      | Reached skill level 8 in Unarmed Combat
  3732 | D:6      | Reached XP level 9. HP: 80/88 MP: 8/8
  3744 | D:6      | Noticed Lanoc's ghost (novice OpTm)
  3744 | D:6      | XOM: silly message
  3758 | D:6      | Killed Lanoc's ghost
  3970 | D:6      | Found a runed door.
  4254 | D:6      | Noticed Crazy Yiuf
  4259 | D:6      | Killed Crazy Yiuf
  4326 | D:7      | Reached skill level 5 in Dodging
  4340 | D:7      | XOM: confuse monster(s)
  4369 | D:7      | Reached skill level 5 in Throwing
  4395 | D:7      | XOM: divination: magic mapping
  4403 | D:7      | XOM: potion effect (berserk rage)
  4404 | D:7      | XOM: harmless Summ miscast
  4426 | D:7      | Reached skill level 9 in Unarmed Combat
  4641 | D:7      | Found a staircase to the Ecumenical Temple.
  4691 | D:7      | XOM: potion effect (invisibility)
  4746 | Temple   | Entered the Ecumenical Temple
  4771 | Temple   | XOM: divination: magic mapping
  4985 | D:7      | XOM: silly message
  5053 | D:7      | XOM: harmless Fire miscast
  5055 | D:7      | Reached XP level 10. HP: 91/98 MP: 9/9
  5285 | D:8      | XOM: potion effect (haste)
  5296 | D:8      | XOM: harmless Necr miscast
  5338 | D:8      | Reached skill level 10 in Unarmed Combat
  5433 | D:8      | XOM: harmless Tmut miscast
  6014 | D:8      | XOM: silly message
  6032 | D:8      | XOM: mild Ice miscast
  6202 | D:9      | XOM: noise
  6236 | D:9      | XOM: harmless Necr miscast
  6239 | D:9      | XOM: summons friendly crimson imp
  6418 | D:9      | Found a radiant altar of Vehumet.
  6618 | D:9      | XOM: divination: magic mapping
  6623 | D:9      | XOM: smoke on damage
  6721 | D:9      | XOM: scenery: create altars
  6751 | D:9      | XOM: harmless Necr miscast
  6821 | D:9      | XOM: give mutation
  6821 | D:9      | Gained mutation: Your flesh is heat resistant. (rF+) [Xom's grace]
  7046 | D:10     | Entered Level 10 of the Dungeon
  7082 | D:10     | Noticed Erica
  7082 | D:10     | XOM: potion effect (invisibility)
  7086 | D:10     | Noticed Grum
  7093 | D:10     | Reached skill level 11 in Unarmed Combat
  7099 | D:10     | XOM: harmless Hex miscast
  7128 | D:10     | XOM: harmless Tmut miscast
  7199 | D:9      | Killed Erica
  7199 | D:9      | Reached XP level 11. HP: 35/107 MP: 10/10
  7266 | D:9      | XOM: harmless Conj miscast
  7313 | D:10     | Killed Grum
  7584 | D:10     | XOM: polymorph orc -> dart slug
  7610 | D:10     | XOM: cast spell 'Summon Mana Viper'
  7638 | D:10     | XOM: harmless Conj miscast
  7876 | D:10     | Noticed a two-headed ogre
  7898 | D:10     | Mangled by a two-headed ogre

Vault maps used:
D:1:      onia_arrival_pentagram
D:2:      serial_undead, serial_undead_a, serial_undead_c, serial_undead_f,
          serial_undead_a, serial_undead_e, serial_undead_c, grunt_qazlal_clouds
D:4:      cheibrodos_helix_gallery, first_ration
D:5:      overflow_temple_1_default
D:6:      uniq_crazy_yiuf_cottage, uniq_blork_the_orc
D:7:      minmay_temple_entry_overgrown, minmay_ruffians
D:8:      grunt_ogre_cave
D:9:      basic_altar
D:10:     lemuel_flame_loot_2, special_room, uniq_fannar, uniq_sonja, uniq_grum,
          uniq_erica
Temple:   kilobyte_greek_temple

Skill      XL: |  1  2  3  4  5  6  7  8  9 10 11 |
---------------+----------------------------------+-----
Dodging        | 2 3 4 5 6 |  6.8
Throwing       | 1 2 3 4 5 6 7 |  7.0
Unarmed Combat | 4 5 6 8 9 11 | 11.3
Fighting       | 3 4 5 6 7 |  7.0

Action                   |  1- 3 |  4- 6 |  7- 9 | 10-12 || total
-------------------------+-------+-------+-------+-------++-------
Melee: Unarmed           |    87 |   194 |   325 |   322 ||   928
       Punch             |     1 |     2 |    13 |    16 ||    32
Throw: Javelin           |       |     4 |       |       ||     4
  Use: Scroll            |       |    10 |     4 |       ||    14
       Potion            |       |       |     1 |       ||     1
 Stab: Sleeping          |       |     2 |       |       ||     2
       Invisible         |       |       |     5 |     1 ||     6
       Distracted        |       |       |       |     1 ||     1
  Eat: Chunk             |    11 |    16 |    22 |    30 ||    79
       Ration            |     1 |       |       |       ||     1
Armor: Robe              |    67 |    81 |    81 |    72 ||   301
Dodge: Dodged            |    65 |   122 |   147 |   172 ||   506

Table legend:
 A = Spawn XP
 B = Non-spawn XP
 C = Spawn XP percentage of total XP
 D = Spawn monster count
 E = Non-spawn monster count
 F = Spawn count percentage of total count
 G = Total turns spent on level
                    A         B        C        D         E        F      G
               +---------+---------+-------+---------+---------+-------+---------
         Total |       0 |   12630 |   0.0 |       0 |     284 |   0.0 |  7898
               +---------+---------+-------+---------+---------+-------+---------
           D:1 |       0 |      32 |   0.0 |       0 |      20 |   0.0 |   897
           D:2 |       0 |     146 |   0.0 |       0 |      26 |   0.0 |   793
           D:3 |       0 |     183 |   0.0 |       0 |      21 |   0.0 |   471
           D:4 |       0 |     283 |   0.0 |       0 |      14 |   0.0 |   410
           D:5 |       0 |    1220 |   0.0 |       0 |      30 |   0.0 |   947
           D:6 |       0 |    1502 |   0.0 |       0 |      23 |   0.0 |   781
           D:7 |       0 |    2733 |   0.0 |       0 |      43 |   0.0 |   775
           D:8 |       0 |    1285 |   0.0 |       0 |      22 |   0.0 |   924
           D:9 |       0 |    3371 |   0.0 |       0 |      37 |   0.0 |  1163
          D:10 |       0 |    1875 |   0.0 |       0 |      48 |   0.0 |   533
               +---------+---------+-------+---------+---------+-------+---------
